Map: Catalyst LE

Players

Leenock - Winner!

  • Race: Zerg Zerg
  • Spawn Location: 11:00

Bistork

  • Race: Protoss Protoss
  • Spawn Location: 5:00

Event: IEM Season 12 - Katowice

VOD

Have the link to the VOD?

Description

Time

  • Played on: Feb. 26, 2018, 9:15 a.m.
  • Length: 8:49

All games in this series

Show
View Real Time Build Order
Export as new Build Order

Leenock Zerg - Winner!

Build Orders: Pool First 

Get SALT Encoding   

  12  0:17  Spawning Pool  
  11  0:22  Drone  
  11  0:27  Drone  
  13  0:32  Drone  
  14  0:40  Overlord  
  14  1:04  Zergling x4  
  16  1:05  Zergling x2  
  17  1:16  Zergling x2  
  18  1:20  Hatchery  
  17  1:28  Zergling x2  
  18  1:35  Queen  
  20  1:45  Overlord  
  20  1:52  Drone  
  21  2:03  Drone  
  22  2:12  Drone  
  22  2:20  Drone  
  20  2:28  Queen  
  22  2:31  Drone  
  22  2:34  Drone  
  24  2:42  Drone  
  24  2:43  Queen  
  27  2:44  Drone  
  27  2:53  Drone  
  27  2:56  Drone  
  29  2:59  Drone  
  29  3:00  Drone x2  
  29  3:05  Overlord  
  32  3:06  Overlord  
  32  3:09  Queen  
  34  3:15  Drone  
  34  3:17  Extractor  
  34  3:18  Extractor  
  34  3:19  Overlord  
  33  3:26  Zergling x2  
  35  3:27  Zergling x2  
  35  3:33  Zergling x2  
  35  3:34  Zergling x4  
  38  3:37  Drone  
  38  3:39  Drone  
  38  3:41  Drone x2  
  42  3:42  Drone  
  43  3:50  Drone x2  
  45  4:00  Drone  
  46  4:04  Overlord  
  46  4:06  Drone x2, Metabolic Boost  
  46  4:07  Drone  
  49  4:12  Drone x2  
  49  4:15  Drone x2  
  53  4:18  Overlord  
  53  4:22  Evolution Chamber  
  52  4:29  Pneumatized Carapace  
  52  4:33  Drone  
  52  4:35  Overlord, Baneling Nest  
  52  4:37  Zergling x4  
  54  4:48  Zergling x2  
  54  4:49  Zergling x4  
  54  4:50  Zergling x8  
  54  4:51  Zergling x2  
  62  4:58  Zerg Melee Weapons Level 1  
  62  5:05  Hatchery  
  62  5:06  Zergling x2  
  62  5:10  Zergling x2  
  62  5:13  Zergling x4  
  62  5:14  Zergling x2  
  66  5:17  Zergling x4  
  66  5:19  Zergling x2  
  66  5:20  Zergling x2  
  70  5:22  Zergling x2  
  70  5:26  Baneling  
  70  5:27  Baneling x5  
  71  5:34  Zergling x2  
  71  5:35  Zergling x6  
  71  5:47  Drone  
  71  5:48  Drone x4  
  71  5:49  Drone x2  
  74  5:52  Lair  
  74  5:53  Drone  
  75  5:57  Roach Warren  
  75  5:59  Drone  
  74  6:05  Drone  
  74  6:09  Overlord  
  74  6:10  Overlord  
  75  6:11  Overlord  
  74  6:26  Extractor  
  74  6:28  Drone  
  74  6:29  Drone x2  
  78  6:40  Roach x8  
  78  6:41  Roach  
  78  6:42  Overlord  
  78  6:46  Drone  
  78  6:47  Drone x3  
  98  6:49  Extractor  
  98  6:52  Overlord  
  98  6:53  Tunneling Claws  
  97  6:56  Overlord  
  97  6:57  Overlord  
  96  7:02  Overlord  
  96  7:06  Zergling x2  
  96  7:08  Zergling x8  
  99  7:13  Centrifical Hooks  
  100  7:21  Zergling x4  
  100  7:22  Zergling x4  
  104  7:23  Zergling x8  
  107  7:31  Overlord  
  107  7:33  Zergling x4  
  109  7:38  Zergling x6  
  109  7:39  Overlord  
  109  7:41  Zergling x4  
  109  7:42  Zergling x2  
  114  7:47  Zergling x10  
  118  7:53  Zergling x2  
  118  7:54  Baneling x3  
  118  7:57  Zergling x4  
  120  7:59  Ravager x3  
  120  8:05  Roach x4  
  131  8:06  Roach x2, Ravager  
  131  8:10  Zergling x6  
  139  8:14  Zergling x6  
  139  8:15  Zergling x2  
  139  8:16  Ravager  
  142  8:21  Zergling x2  
  142  8:23  Zergling x2  
  142  8:24  Baneling  
  142  8:25  Baneling  
  144  8:29  Zergling x2  
  149  8:35  Baneling x4  
Show
View Real Time Build Order
Export as new Build Order

Bistork Protoss 

Build Orders:  

Get SALT Encoding   

  12  0:00  Probe  
  13  0:12  Probe  
  14  0:19  Pylon  
  14  0:25  Probe (Chrono Boost)  
  15  0:37  Probe (Chrono Boost)  
  15  0:40  Gateway  
  16  0:46  Probe (Chrono Boost)  
  16  0:47  Assimilator  
  17  0:51  Probe  
  18  1:03  Probe  
  19  1:24  Probe  
  19  1:26  Zealot (Chrono Boost)  
  19  1:27  Cybernetics Core  
  21  1:35  Pylon  
  21  1:45  Zealot  
  23  1:50  Probe  
  23  2:12  Warp Gate, Adept (Chrono Boost)  
  23  2:28  Probe  
  21  2:36  Nexus  
  20  2:46  Probe  
  21  2:56  Assimilator  
  21  2:58  Probe  
  22  2:59  Adept  
  24  3:09  Twilight Council  
  24  3:10  Probe (Chrono Boost)  
  25  3:22  Probe (Chrono Boost)  
  26  3:27  Probe (Chrono Boost)  
  27  3:35  Pylon, Stalker  
  27  3:36  Probe  
  30  3:42  Resonating Glaives (Chrono Boost)  
  30  3:48  Probe  
  30  3:49  Probe  
  32  4:01  Probe x2  
  34  4:13  Probe x2, Gateway  
  36  4:18  Gateway  
  36  4:25  Probe  
  36  4:27  Adept  
  36  4:28  Probe  
  40  4:37  Probe  
  41  4:40  Probe  
  42  4:47  Robotics Facility  
  42  4:49  Probe  
  42  4:52  Probe  
  44  4:55  Adept  
  46  5:01  Probe, Pylon  
  46  5:06  Probe  
  48  5:11  Adept  
  48  5:13  Adept, Probe  
  53  5:18  Probe  
  53  5:19  Adept  
  56  5:21  Pylon  
  56  5:33  Probe  
  57  5:44  Sentry x2  
  57  5:45  Adept  
  57  5:46  Probe  
  57  5:47  Probe  
  57  5:49  Warp Prism (Chrono Boost)  
  53  5:56  Assimilator  
  55  5:57  Assimilator  
  55  5:58  Probe  
  56  6:08  Gateway  
  56  6:09  Gateway  
  56  6:10  Sentry x2  
  60  6:11  Sentry  
  60  6:13  Gateway  
  60  6:15  Gateway  
  62  6:19  Probe  
  62  6:21  Immortal (Chrono Boost)  
  67  6:33  Pylon  
  67  6:45  Pylon  
  67  6:48  Pylon  
  67  6:53  Sentry, Observer (Chrono Boost)  
  70  7:04  Pylon  
  70  7:07  Pylon  
  70  7:13  Pylon  
  70  7:14  Adept x3  
  70  7:15  Stalker x3  
  81  7:37  Adept x2  
  81  7:41  Stalker  
  81  7:42  Stalker  
  89  7:45  Pylon  
  89  7:53  Nexus  
  89  7:54  Sentry x2  
  93  8:00  Pylon  
  93  8:01  Pylon  
  93  8:07  Adept x3  
  93  8:09  Sentry  
  101  8:16  Pylon  
  101  8:21  Sentry x3  
  101  8:25  Pylon  
  107  8:27  Pylon  

Tags
 
Add a new tag
Caveats
  • Supply blocks, unpowered buildings, or Contaminate may cause inaccurate times.
  • Supply counts are checked every 10 seconds.